 Dungeon Crawl Stone Soup version 0.28.0-47-ge53b351184 (webtiles) character file.

Game seed: 12279580536790376948

61 Exodus22XD the Chopper (level 4, 0/36 HPs)
             Began as a Hill Orc Monk on May 7, 2022.
             Succumbed to a water moccasin's poison
             ... on level 3 of the Dungeon.
             The game lasted 00:02:16 (2759 turns).

Exodus22XD the Chopper (Hill Orc Monk)              Turns: 2759, Time: 00:02:16

Health: 0/36       AC:  9    Str: 15    XL:     4   Next: 7%
Magic:  4/4        EV: 11    Int: 10    God:
Gold:   130        SH:  0    Dex: 13    Spells: 3/3 levels left

rFire   . . .      SeeInvis .   a - +0 hand axe
rCold   . . .      Faith    .   (no shield)
rNeg    . . .      Spirit   .   j - +0 ring mail
rPois   .          Reflect  .   (no helmet)
rElec   .          Harm     .   (no cloak)
rCorr   .          Rampage  .   (no gloves)
Will    .....                   (no boots)
Stlth   +.........              (no amulet)
HPRegen 0.12/turn               (no ring)
MPRegen 0.09/turn               (no ring)

@: lethally poisoned (0 -> -32)
A: iridescent scales 2, frail 1
a: no special abilities


You were on level 3 of the Dungeon.
You visited 1 branch of the dungeon, and saw 3 of its levels.

You collected 130 gold pieces.

Inventory:

Hand Weapons
 a - a +0 hand axe (weapon)
Armour
 j - a +0 ring mail (worn)
Scrolls
 c - a scroll of enchant armour {unknown}
 d - 2 scrolls of identify {unknown}
 g - a scroll of amnesia {unknown}
 h - a scroll of magic mapping {unknown}
 i - a scroll of silence {unknown}
 k - 2 scrolls of immolation {unknown}
 m - a scroll of blinking {unknown}
Potions
 b - a potion of heal wounds {unknown}
 e - a potion of might {unknown}
 f - a potion of curing {unknown}
 l - a potion of mutation
 n - a potion of brilliance {unknown}


   Skills:
 + Level 4.3 Fighting
 + Level 5.1 Axes
 * Level 2.0 Armour
 - Level 2.4 Dodging
 - Level 1.5 Stealth


You had 3 spell levels left.
You didn't know any spells.
Your spell library was empty.

Dungeon Overview and Level Annotations

Branches:
Dungeon (3/15)

Altars:

Annotations:
D:2 1 runed translucent door, Crazy Yiuf


Innate Abilities, Weirdness & Mutations

You are mostly covered in iridescent scales. (AC +4)
You are frail. (-10% HP)


Message History

You open the door.
There is an open door here.
Found a stone staircase leading down.
No target in view!
No target in view!
A water moccasin comes into view.
The water moccasin hisses angrily.
You hit the water moccasin.
The water moccasin is lightly wounded.
The water moccasin bites you.
You are poisoned.
The water moccasin poisons you!
You closely miss the water moccasin.
The water moccasin is lightly wounded.
You feel very sick.
The water moccasin bites you but does no damage. x2
You hit the water moccasin.
The water moccasin is moderately wounded.
You feel very sick. The water moccasin barely misses you.
Okay, then.
You slash the water moccasin!
The water moccasin is heavily wounded.
You feel very sick. The water moccasin bites you.
You are lethally poisoned!
The water moccasin poisons you! The water moccasin bites you.
You hit the water moccasin.
The water moccasin is severely wounded.
* * * LOW HITPOINT WARNING * * *
You feel very sick. The water moccasin bites you.
* * * LOW HITPOINT WARNING * * *
You are more poisoned.
The water moccasin poisons you!
It was a potion of mutation.
You feel extremely strange.
Iridescent scales grow over part of your body.
You feel frail.
Iridescent scales spread over more of your body.
You die...

..#. #.#. ####...
....... .......
.......
......S#########
......>@.#.....#
#
......##.#.....#
# ..... #.#.....#
# .... #.'.....#
... ###.....# ..
#.....# . #.....#
#.....#
#####..(..#######


You could see a water moccasin.

Vanquished Creatures
  An adder (D:2)
  2 dart slugs
  4 orcs
  4 ball pythons
  4 bats
  2 endoplasms (D:2)
  2 giant cockroaches
  3 goblins
  6 hobgoblins
  5 jackals (D:1)
  A frilled lizard (D:2)
  2 kobolds
  5 rats
41 creatures vanquished.

Notes
Turn   | Place    | Note
-------+----------+-------------------------------------------
     0 | D:1      | Exodus22XD the Hill Orc Monk began the quest for the Orb.
     0 | D:1      | Reached XP level 1. HP: 19/19 MP: 1/1
   115 | D:1      | Reached XP level 2. HP: 18/27 MP: 2/2
   840 | D:1      | Reached skill level 1 in Armour
  1274 | D:2      | Reached XP level 3. HP: 33/33 MP: 3/3
  1526 | D:2      | Reached skill level 5 in Axes
  1662 | D:2      | Found a faded altar of an unknown god.
  1887 | D:2      | Found a runed translucent door.
  1888 | D:2      | Noticed Crazy Yiuf
  2453 | D:2      | Reached XP level 4. HP: 18/40 MP: 4/4
  2753 | D:3      | Noticed a water moccasin
  2759 | D:3      | Gained mutation: You are partially covered in iridescent
                  | scales. (AC +2) [potion of mutation]
  2759 | D:3      | Gained mutation: You are frail. (-10% HP) [potion of
                  | mutation]
  2759 | D:3      | Gained mutation: You are mostly covered in iridescent
                  | scales. (AC +4) [potion of mutation]
  2759 | D:3      | Succumbed to a water moccasin's poison

Illustrated notes

Levels and vault maps discovered:
D:1:      minmay_arrival_radiant_lines, layout_loops_corners,
          serial_bayou_crossing
D:2:      layout_rooms, dilly_ecumenical_altar_fadedgnrine,
          uniq_crazy_yiuf_cottage
D:3:      layout_basic, chei_slow_surprise, mainiacjoe_overflow_tiny_flanked

Skill      XL: |  1  2  3  4 |
---------------+-------------+-----
Fighting       | 4 |  4.3
Armour         | 1 2 |  2.0
Axes           | 5 |  5.1
Dodging        | |  2.4
Stealth        | |  1.5

Action                   |  1- 3 |  4- 6 || total
-------------------------+-------+-------++-------
Melee: Hand axe          |   148 |    16 ||   164
  Use: Potion            |       |     1 ||     1
Armor: Robe              |     5 |       ||     5
       Ring mail         |    48 |     3 ||    51
Dodge: Dodged            |   112 |     7 ||   119
